 Dungeon Crawl Stone Soup version 0.17-a0-2220-g6fea741 (webtiles) character file.

93 ventricule the Ruffian (level 4, 0/39 HPs)
             Began as a Troll Enchanter on Oct 28, 2015.
             Slain by a gnoll
             ... wielding a +0 halberd
              (17 damage)
             ... on level 2 of the Dungeon.
             The game lasted 00:05:40 (1461 turns).

ventricule the Ruffian (Troll Enchanter)            Turns: 1461, Time: 00:05:40

Health: 0/39       AC:  7    Str: 16    XL:     4   Next: 36%
Magic:  4/4        EV: 10    Int: 11    God:
Gold:   46         SH:  0    Dex: 11    Spells: 1 memorised, 4 levels left

rFire  . . .     SeeInvis .       - Unarmed
rCold  . . .     Clarity  .     b - +1 robe
rNeg   . . .     SustAt   .     (no shield)
rPois  .         Gourm    +     (helmet restricted)
rElec  .         Spirit   .     j - +0 cloak
rCorr  .         Warding  .     (gloves unavailable)
rMut   .         Stasis   .     (boots unavailable)
MR     .....                    (no amulet)
Stlth  ++........               (no ring)
                                g - ring of stealth

@: not resistant to hostile enchantments, unstealthy
A: unfitting armour, claws 3, fast metabolism 3, gourmand, regeneration 2,
shaggy fur 1, tough skin 2
a: no special abilities


You were on level 2 of the Dungeon.
You were full.

You visited 1 branch of the dungeon, and saw 2 of its levels.

You collected 46 gold pieces.


Innate Abilities, Weirdness & Mutations

You are too large for most types of armour.
You have claws for hands.
Your metabolism is lightning-fast.
You like to eat raw meat.
You heal very quickly.
You are covered in fur (AC +1).
You have very tough skin (AC +2).


   Skills:
 - Level 0.7 Short Blades
 - Level 1.5 Dodging
 - Level 1.7 Stealth
 + Level 4.0 Unarmed Combat
 - Level 1.2 Spellcasting
 - Level 2.0 Hexes


You had 4 spell levels left.
You knew the following spells:

 Your Spells              Type           Power        Failure   Level  Hunger
Z - Corona                Hex            #......      17%         1    ##.....

Inventory:

Hand Weapons
 a - a +1 dagger
Armour
 b - a +1 robe (worn)
 j - a +0 cloak (worn)
Jewellery
 g - a ring of stealth (left claw)
Scrolls
 k - a scroll of remove curse
 l - 2 scrolls of random uselessness
Potions
 e - a potion of curing {unknown}
 f - a potion of mutation {unknown}
 h - a potion of heal wounds {unknown}
 i - a potion of magic {unknown}
 m - a potion of ambrosia {unknown}
 n - a potion of resistance {unknown}
Books
 c - a book of Maledictions
Comestibles
 d - 4 bread rations

Dungeon Overview and Level Annotations

Branches:
Dungeon (2/15)

Altars:

#.......# #.#....#
#(.....#.. #.###.###
#.#....# ###.###...
#.....# #.#....# #.#
#### ##.##### #.#....#
#.###### ...# #......#
#......# ####
#########.####
######..
(............## ###
####...g.....###### #
.##......#T.....#...#
#
#......>..#........###
# #..#.#.........###.#
#.......#[.....# ###
#...#.####.#### #..##.
#.# #.. #. ###.### ..
.. #†....# #...<.#


You could see a gnoll.


Message History

You barely miss the gnoll. The gnoll closely misses you.
You scratch the gnoll but do no damage. You scratch the gnoll but do no damage.
The gnoll hits you with a halberd!
You scratch the gnoll.
The gnoll is moderately wounded.
The gnoll barely misses you.
You closely miss the gnoll.
The gnoll is moderately wounded.
The gnoll hits you but does no damage.
You scratch the gnoll but do no damage.
The gnoll is moderately wounded.
The gnoll misses you.
You claw the gnoll!
The gnoll is almost dead.
You closely miss the gnoll.
The gnoll is almost dead.
The gnoll hits you with a halberd!
You scratch the gnoll but do no damage.
The gnoll is almost dead.
The gnoll closely misses you.
You barely miss the gnoll.
The gnoll is almost dead.
You closely miss the gnoll.
The gnoll is almost dead.
The gnoll hits you with a halberd!
* * * LOW HITPOINT WARNING * * *
You barely miss the gnoll.
The gnoll is almost dead.
The gnoll hits you with a halberd!
You die...

Action                   |  1- 3 |  4- 6 || total
-------------------------+-------+-------++-------
Melee: Unarmed           |    86 |    70 ||   156
  Use: Scroll            |     3 |       ||     3
 Stab: Sleeping          |    12 |     2 ||    14
       Distracted        |       |     1 ||     1
  Eat: Chunk             |    15 |       ||    15

Vault maps used:
D:1:      lemuel_arrival_broad_hall
D:2:      first_bread, uniq_crazy_yiuf_cottage

Notes
Turn   | Place    | Note
--------------------------------------------------------------
     0 | D:1      | ventricule the Troll Enchanter began the quest for the Orb.
     0 | D:1      | Reached XP level 1. HP: 16/16 MP: 1/1
    99 | D:1      | Reached skill level 1 in Unarmed Combat
   187 | D:1      | Reached XP level 2. HP: 24/24 MP: 2/2
   358 | D:1      | Reached skill level 2 in Unarmed Combat
   473 | D:1      | Reached XP level 3. HP: 31/31 MP: 3/3
   730 | D:2      | Reached skill level 3 in Unarmed Combat
   991 | D:2      | Reached XP level 4. HP: 39/39 MP: 4/4
  1245 | D:2      | Reached skill level 4 in Unarmed Combat
  1461 | D:2      | Slain by a gnoll

Vanquished Creatures
  3 adders (D:2)
  2 gnolls
  A worm (D:2)
  A giant gecko (D:2)
  6 bats
  5 giant cockroaches
  4 goblins
  8 hobgoblins
  2 jackals (D:1)
  4 kobolds
  2 ball pythons (D:2)
  A giant newt (D:1)
  6 rats
45 creatures vanquished.
